 Dungeon Crawl Stone Soup version 0.29-a0-717-g6dac4ea423 (webtiles) character file.

Game seed: 9094860478747518406

100693 sammy202020 the Warrior (level 15, -1/195 HPs)
             Began as a Demonspawn Berserker on June 25, 2022.
             Was a High Priest of Trog.
             Slain by a four-headed hydra (8 damage)
             ... on level 4 of the Swamp on June 27, 2022.
             The game lasted 00:54:24 (23001 turns).

sammy202020 the Warrior (Demonspawn Berserker)     Turns: 23001, Time: 00:54:25

Health: -1/195     AC: 29    Str: 21    XL:     15   Next: 81%
Magic:  15/15      EV: 10    Int: 16    God:    Trog [*****.]
Gold:   1717       SH: 18    Dex: 15    Spells: 14/14 levels left

rFire   + + .      SeeInvis +   v - +4 broad axe (flame)
rCold   + . .      Faith    .   x - +0 kite shield
rNeg    . . .      Spirit   .   f - +2 plate armour {rF+}
rPois   +          Reflect  +   V - +1 helmet {Int+3}
rElec   .          Harm     .   d - scarf {rC+ rF+}
rCorr   .          Rampage  .   Y - +0 pair of fencer's gloves {Riposte Dex+3}
Will    +....      Clarity  +   F - +0 pair of boots
Stlth   ..........              r - amulet of reflection
HPRegen 0.42/turn               X - ring of poison resistance
MPRegen 0.14/turn               D - ring of see invisible

@: mighty, berserking, sanguine armoured, very quick
A: spiny 3, sanguine armour 3, demonic magic 2, talons 1, clarity, deformed
body, passive freeze, screaming 1
a: Renounce Religion, Berserk, Trog's Hand, Brothers in Arms


You were on level 4 of the Swamp.
You worshipped Trog.
Trog was extremely pleased with you.
You visited 3 branches of the dungeon, and saw 23 of its levels.

You collected 3198 gold pieces.
You spent 1481 gold pieces at shops.

Inventory:

Hand Weapons
 v - a +4 broad axe of flaming (weapon)
 y - the +6 broad axe of Radicalism {venom, rElec Will+}
   (You found it on level 3 of the Lair of Beasts)

   It poisons the flesh of those it strikes.
   rElec:     It insulates you from electricity.
   Will:      It increases your willpower.
Missiles
 n - 14 boomerangs
 H - 3 boomerangs of dispersal
 N - 6 throwing nets
 Z - 10 javelins
Armour
 d - a scarf of resistance (worn)
 f - a +2 plate armour of fire resistance (worn)
 x - a +0 kite shield (worn)
 F - a +0 pair of boots (worn)
 O - a +0 crystal plate armour
 R - a +1 buckler of reflection
 V - a +1 helmet of intelligence (worn)
 Y - the +0 pair of fencer's gloves (worn) {Riposte Dex+3}
   (You acquired it on level 12 of the Dungeon)

   It allows the wearer to riposte with melee weapons, swiftly retaliating
   against missed or blocked attacks.
   Dex:       It affects your dexterity (+3).
Jewellery
 i - a ring of protection from fire
 l - a ring of flight
 r - an amulet of reflection (around neck)
 A - a ring of magical power
 D - a ring of see invisible (right hand)
 X - a ring of poison resistance (left hand)
Wands
 a - a wand of iceblast (47) (quivered)
 e - a wand of mindburst (21)
 h - a wand of quicksilver (35)
 p - a wand of digging (17)
 q - a wand of polymorph (29)
 K - a wand of paralysis (15)
 P - a wand of flame (42)
Scrolls
 c - 11 scrolls of identify
 k - 5 scrolls of blinking
 o - 4 scrolls of immolation
 t - 7 scrolls of poison
 u - 14 scrolls of teleportation
 E - 6 scrolls of vulnerability
 J - 4 scrolls of fog
 S - a scroll of torment
Potions
 b - 6 potions of invisibility
 g - 5 potions of flight
 j - 9 potions of curing
 m - 3 potions of heal wounds
 s - 6 potions of might
 w - 2 potions of resistance
 z - 2 potions of lignification
 C - a potion of ambrosia
 G - 4 potions of haste
 I - 2 potions of mutation
 M - 3 potions of cancellation
 T - 2 potions of attraction
 W - a potion of berserk rage
Miscellaneous
 B - a phial of floods


   Skills:
 + Level 15.7 Fighting
 + Level 14.5 Axes
 + Level 10.6 Armour
 + Level 10.6 Dodging
 + Level 12.9 Shields


You had 14 spell levels left.
You didn't know any spells.
Your spell library was empty.

Dungeon Overview and Level Annotations

Branches:
Dungeon (15/15)            Temple (0/1) D:6            Lair (4/6) D:11
  Swamp (4/4) Lair:4        Snake (0/4) Lair:4          Orc (0/2) D:9
 Vaults (0/5) D:13         Depths (0/4) D:15

Altars:
Ashenzari
Kikubaaqudgha
Wu Jian
Yredelemnul
Beogh

Shops:
D:3 =   D:8 [   D:9 ([   D:11 [

Annotations:
D:7 2 runed translucent doors


Innate Abilities, Weirdness & Mutations

You are completely covered in sharp spines.
When seriously injured, your blood forms very thick armour. (AC +12)
Spells you cast may paralyse nearby enemies.
You have sharp toenails.
You possess an exceptional clarity of mind.
Armour fits poorly on your strangely shaped body.
A frigid envelope surrounds you and freezes all who hurt you.
You occasionally shout uncontrollably at your foes.


Message History

The four-headed hydra seems to slow down.
The four-headed hydra is lightly wounded.
The four-headed hydra bites you but does no damage.
The four-headed hydra is very cold.
The four-headed hydra seems to slow down.
The four-headed hydra is lightly wounded.
The four-headed hydra bites you but does no damage.
The four-headed hydra is very cold.
The four-headed hydra seems to slow down.
The four-headed hydra is lightly wounded.
An ogre mage comes into view. It is wielding a +0 spear.
A red film seems to cover your vision as you go berserk!
You feel yourself moving faster!
You feel mighty! Tree limbs sway around you.
The spriggan air mage waves its arms in wide circles.
The air twists around and strikes you!
* * * LOW HITPOINT WARNING * * *
The ghoul claws you.
* * * LOW HITPOINT WARNING * * *
The ghoul resists.
The ghoul is very cold.
The ghoul is moderately damaged.
The ghoul claws you but does no damage.
The ghoul resists.
The ghoul is very cold.
The ghoul is moderately damaged.
You block the spriggan druid's attack.
The alligator puts on a burst of speed!
The ogre mage gestures wildly while chanting.
The ogre mage flickers and vanishes for a moment.
You block the four-headed hydra's attack.
You riposte.
You hit the four-headed hydra. You burn the four-headed hydra.
The four-headed hydra is moderately wounded.
You closely miss the spriggan druid.
The forest calms down.
You miss the spriggan air mage. You closely miss the hellwing.
You slash the ghoul! You burn the ghoul.
The four-headed hydra bites you but does no damage.
The four-headed hydra is very cold.
The four-headed hydra seems to slow down.
The four-headed hydra is moderately wounded.
The four-headed hydra completely misses you.
The four-headed hydra bites you!
You die...

≈≈.♣ ♣§..≈≈§≈§≈.≈≈≈
≈≈♣.♣ ♣♣ ♣≈.≈≈≈≈≈≈≈≈...
.≈...♣♣♣≈♣♣.≈≈≈≈≈≈≈≈≈≈≈≈
.≈.≈♣.♣≈..♣.≈≈≈§≈≈######
..........♣≈^.≈≈###
.♣..t.≈≈.§.≈≈≈###
..≈≈.≈≈♣♣....##
....≈≈n≈..≈.##
≈♣≈..3D@...##
≈§≈.≈vii4≈.#
...≈.....≈## ♣...≈.≈≈.≈#
≈≈..♣....e# ♣..♣♣≈...#≈
[.. ..≈≈.#k. .§
..≈...#≈.O


You could see a ghoul, a death drake, an alligator (swift), a four-headed hydra
(slow), an ogre mage (invisible), a spriggan air mage (repels missiles), a
hellwing, a spriggan druid, a deep elf pyromancer, a will-o-the-wisp and a
neqoxec.

Vanquished Creatures
  A thorn hunter (Swamp:3)
  2 fenstrider witches
  A cacodemon (Swamp:3)
  A balrug (Swamp:3)
  A stone giant (D:15)
  6 eleionomae
  5 bunyips
  The ghost of Leaxt the Severer, a journeyman MiBe of Trog (Lair:3)
  A shambling mangrove (Swamp:2)
  Fannar (D:10)
  The ghost of Qyfeak the Nimble, a journeyman DjVM of Hepliaklqana (Lair:2)
  Harold (D:10)
  2 centaur warriors
  10 hydras
  An ogre mage (D:13)
  A spriggan air mage (Swamp:2)
  2 ghost crabs
  5 boulder beetles
  3 two-headed ogres
  The ghost of mandarbmax the Grappler, a novice TrNe of Cheibriados (D:9)
  4 alligators
  3 death yaks (D:11)
  3 tengu warriors
  A spriggan berserker (Swamp:2)
  The ghost of Zonian the Covert, a journeyman VSIE of Makhleb (Lair:3)
  2 goliath frogs
  9 skeletal warriors
  A spriggan druid (Swamp:3)
  A glowing orange brain (D:9)
  Lodul (D:13)
  2 bog bodies
  A swamp dragon (Swamp:3)
  A deep elf zephyrmancer (Swamp:4)
  An orc sorcerer (Swamp:4)
  4 manticores
  9 ugly things
  3 will-o-the-wisps
  4 cyclopes
  An elephant (Lair:2)
  2 black mambas
  3 gargoyles (D:12)
  A torpor snail (shapeshifter) (D:14)
  8 cane toads
  An orange demon (Swamp:4)
  An unseen horror (D:7)
  9 komodo dragons
  3 kobold demonologists (D:11)
  A tormentor (Swamp:3)
  3 hellwings (Swamp:4)
  3 efreet
  2 rime drakes (Lair:2)
  4 tengu conjurers
  8 trolls
  A hornet (shapeshifter) (D:15)
  17 hornets
  13 slime creatures
  5 tyrant leeches
  A wind drake (shapeshifter) (D:14)
  14 blink frogs
  A dream sheep (Lair:2)
  15 spriggans
  4 vampires
  5 wraiths
  3 wyverns
  43 yaks
  4 basilisks
  2 neqoxecs (D:9)
  3 steam dragons
  3 chaos spawn (Swamp:4)
  5 vampire mosquitoes
  4 nagas (Lair:4)
  4 acid dragons
  10 water moccasins
  17 swamp worms
  An ice beast (D:8)
  A black bear (Lair:3)
  16 orc warriors
  A swamp drake (Swamp:4)
  12 ogres
  10 wolves
  9 centaurs
  Blork the orc (D:4)
  2 kobold brigands
  12 bullfrogs
  3 gnoll sergeants
  2 necrophages
  3 scorpions
  5 wights
  9 killer bees
  10 howler monkeys
  2 jellies (D:5)
  10 orc priests
  7 hounds
  3 iguanas
  9 orc wizards
  A centaur simulacrum (D:10)
  13 gnolls
  6 adders
  A river rat (shapeshifter) (D:9)
  A shadow imp (D:8)
  2 white imps
  2 worms
  43 orcs
  7 ball pythons
  A bat (D:1)
  9 endoplasms
  3 giant cockroaches
  A goblin (shapeshifter) (D:9)
  9 goblins
  2 hobgoblins
  6 jackals
  16 kobolds
  5 quokkas
  3 frilled lizards
  A kobold (shapeshifter) (D:9)
  5 rats
587 creatures vanquished.

Vanquished Creatures (others)
  3 spriggans
  2 bloated husks
  2 hornets
  An orc wizard (D:5)
  42 foxfires
  4 fungi
  50 plants
  2 withered plants (Lair:3)
106 creatures vanquished.

Grand Total: 693 creatures vanquished

Notes
Turn   | Place    | Note
-------+----------+-------------------------------------------
     0 | D:1      | sammy202020 the Demonspawn Berserker began the quest for
                  | the Orb.
     0 | D:1      | Reached XP level 1. HP: 18/18 MP: 1/1
   279 | D:1      | Gained mutation: You are partially covered in sharp spines.
                  | [demonic ancestry]
   279 | D:1      | Reached XP level 2. HP: 24/24 MP: 2/2
   282 | D:1      | Found a faded altar of an unknown god.
   971 | D:1      | Gained mutation: When seriously injured, your blood forms
                  | armour. (AC +12) [demonic ancestry]
   971 | D:1      | Reached XP level 3. HP: 19/29 MP: 3/3
  1268 | D:1      | Gained mutation: Your magical capacity is low. (-10% MP)
                  | [potion of mutation]
  1268 | D:1      | Gained mutation: You possess an exceptional clarity of
                  | mind. [potion of mutation]
  1269 | D:1      | Lost mutation: You possess an exceptional clarity of mind.
                  | [potion of mutation]
  1269 | D:1      | Lost mutation: Your magical capacity is low. (-10% MP)
                  | [potion of mutation]
  1269 | D:1      | Gained mutation: You are dopey. (Int -2) [potion of
                  | mutation]
  1269 | D:1      | Gained mutation: You passively map a small area around you.
                  | [potion of mutation]
  1269 | D:1      | Gained mutation: You have hidden genetic potential. [potion
                  | of mutation]
  1269 | D:1      | Gained mutation: You are agile. (Dex +4, Str/Int -1)
                  | [potion of mutation]
  1781 | D:2      | Reached ** piety under Trog
  2064 | D:2      | Identified a scroll of acquirement
  2903 | D:3      | Gained mutation: Spells you cast may paralyse adjacent
                  | enemies. [demonic ancestry]
  2903 | D:3      | Reached XP level 4. HP: 37/37 MP: 4/4
  3095 | D:3      | Gained mutation: You have a pair of small antennae on your
                  | head. [hidden potential]
  3253 | D:3      | Reached skill level 4 in Fighting
  3559 | D:3      | Reached XP level 5. HP: 42/42 MP: 5/5
  3692 | D:3      | Found Cusosuja's Jewellery Emporium.
  3700 | D:3      | Acquired 889 gold pieces
  3702 | D:3      | Bought a ring of protection from fire for 350 gold pieces
  3702 | D:3      | Bought an amulet of reflection for 420 gold pieces
  3910 | D:4      | Gained mutation: Your natural rate of healing is unusually
                  | fast. [hidden potential]
  3910 | D:4      | Lost mutation: You have hidden genetic potential. [hidden
                  | potential expressed]
  3919 | D:4      | Noticed Blork the orc
  3932 | D:4      | Killed Blork the orc
  4076 | D:4      | Noticed an ogre
  4089 | D:4      | Killed an ogre
  4090 | D:4      | Gained mutation: You are mostly covered in sharp spines.
                  | [demonic ancestry]
  4090 | D:4      | Reached XP level 6. HP: 36/49 MP: 6/6
  4095 | D:4      | Lost mutation: You have a pair of small antennae on your
                  | head. [potion of mutation]
  4095 | D:4      | Lost mutation: Your natural rate of healing is unusually
                  | fast. [potion of mutation]
  4095 | D:4      | Lost mutation: You are agile. (Dex +4, Str/Int -1) [potion
                  | of mutation]
  4095 | D:4      | Gained mutation: Your natural rate of healing is unusually
                  | fast. [potion of mutation]
  4579 | D:4      | Reached *** piety under Trog
  4664 | D:5      | Entered Level 5 of the Dungeon
  4695 | D:5      | Reached skill level 5 in Fighting
  4818 | D:5      | Reached skill level 1 in Shields
  4818 | D:5      | Gained mutation: You are completely covered in sharp
                  | spines. [demonic ancestry]
  4818 | D:5      | Reached XP level 7. HP: 50/56 MP: 7/7
  4997 | D:5      | Reached skill level 5 in Axes
  5416 | D:6      | Found a staircase to the Ecumenical Temple.
  5587 | D:6      | Found an ancient bone altar of Kikubaaqudgha.
  5768 | D:6      | Reached skill level 6 in Fighting
  5768 | D:6      | Reached XP level 8. HP: 60/64 MP: 8/8
  5960 | D:7      | Found an ornate altar of the Wu Jian Council.
  6159 | D:7      | Noticed a hornet
  6164 | D:7      | Killed a hornet
  6462 | D:7      | Found a large runed translucent door.
  6463 | D:7      | Found a large runed translucent door.
  6465 | D:7      | Noticed a troll
  6475 | D:7      | Killed a troll
  6475 | D:7      | Killed an unseen horror
  6476 | D:7      | Reached skill level 7 in Fighting
  6476 | D:7      | Reached XP level 9. HP: 58/72 MP: 9/9
  6476 | D:7      | Found a large runed translucent door.
  6476 | D:7      | Found a large runed translucent door.
  6483 | D:7      | Identified the +8 hand axe of Okawaru's Supremacy {distort,
                  | Stlth+}
  6515 | D:7      | Reached **** piety under Trog
  6621 | D:7      | Reached skill level 5 in Shields
  6872 | D:8      | Reached skill level 8 in Fighting
  6874 | D:8      | Reached skill level 5 in Armour
  6961 | D:8      | Found Limatog's Antique Armour Emporium.
  6969 | D:8      | Bought a pair of boots for 121 gold pieces
  7070 | D:8      | Reached skill level 5 in Dodging
  7463 | D:9      | Reached XP level 10. HP: 76/82 MP: 10/10
  7470 | D:9      | Reached ***** piety under Trog
  7541 | D:9      | Found a staircase to the Orcish Mines.
  7541 | D:9      | Found Leick's Weapon Shop.
  7541 | D:9      | Found Pyemud's Armour Shop.
  7560 | D:9      | Bought a +0 buckler for 72 gold pieces
  7560 | D:9      | Bought a +0 plate armour for 368 gold pieces
  8016 | D:9      | Reached skill level 9 in Fighting
  8130 | D:9      | Found a runed translucent gate.
  8130 | D:9      | Found a runed translucent gate.
  8130 | D:9      | Found a runed translucent gate.
  8130 | D:9      | Noticed a cyan ugly thing
  8131 | D:9      | Noticed a green ugly thing
  8131 | D:9      | Noticed a red ugly thing
  8131 | D:9      | Noticed a glowing orange brain
  8184 | D:9      | Killed a cyan ugly thing
  8185 | D:9      | Killed a cyan ugly thing
  8187 | D:9      | Killed a green ugly thing
  8188 | D:9      | Found a runed translucent gate.
  8188 | D:9      | Found a runed translucent gate.
  8200 | D:9      | Killed a glowing orange brain
  8214 | D:9      | Noticed mandarbmax's ghost (novice TrNe)
  8215 | D:9      | Found a runed translucent gate.
  8220 | D:9      | Noticed a harpy
  8220 | D:9      | a tarantella changed into a harpy
  8479 | D:9      | Gained mutation: You are clumsy. (Dex -2) [a neqoxec]
  8483 | D:9      | Gained mutation: When seriously injured, your blood forms
                  | thick armour. (AC +12) [demonic ancestry]
  8483 | D:9      | Reached XP level 11. HP: 90/90 MP: 11/11
  8509 | D:9      | Gained mutation: You are very dopey. (Int -4) [mutagenic
                  | glow]
  8567 | D:9      | Killed mandarbmax's ghost
  8569 | D:9      | Lost mutation: Your natural rate of healing is unusually
                  | fast. [potion of mutation]
  8569 | D:9      | Lost mutation: You are clumsy. (Dex -2) [potion of
                  | mutation]
  8569 | D:9      | Lost mutation: You passively map a small area around you.
                  | [potion of mutation]
  8569 | D:9      | Gained mutation: Your spells are a little harder to cast,
                  | but a little more powerful. [potion of mutation]
  8569 | D:9      | Lost mutation: You are very dopey. (Int -4) [potion of
                  | mutation]
  8569 | D:9      | Gained mutation: You occasionally lose the ability to drink
                  | potions when taking damage. [potion of mutation]
  8570 | D:9      | Lost mutation: You are dopey. (Int -2) [potion of mutation]
  8570 | D:9      | Lost mutation: Your spells are a little harder to cast, but
                  | a little more powerful. [potion of mutation]
  8570 | D:9      | Gained mutation: Your magical capacity is low. (-10% MP)
                  | [potion of mutation]
  8570 | D:9      | Gained mutation: Your muscles are strong. (Str +4, Int/Dex
                  | -1) [potion of mutation]
  8571 | D:9      | Lost mutation: Your muscles are strong. (Str +4, Int/Dex
                  | -1) [potion of mutation]
  8571 | D:9      | Lost mutation: You occasionally lose the ability to drink
                  | potions when taking damage. [potion of mutation]
  8571 | D:9      | Lost mutation: Your magical capacity is low. (-10% MP)
                  | [potion of mutation]
  8571 | D:9      | Gained mutation: Your natural rate of healing is unusually
                  | fast. [potion of mutation]
  8571 | D:9      | Gained mutation: You are clumsy. (Dex -2) [potion of
                  | mutation]
  8693 | D:10     | Entered Level 10 of the Dungeon
  8693 | D:10     | Noticed Harold
  8708 | D:10     | Killed Harold
  8709 | D:10     | Reached skill level 10 in Fighting
  9051 | D:10     | Noticed Fannar
  9066 | D:10     | Killed Fannar
  9142 | D:10     | Paralysed by a hornet for 3 turns
  9277 | D:10     | Noticed a tengu warrior
  9282 | D:10     | Noticed a purple ugly thing
  9300 | D:10     | Killed a purple ugly thing
  9301 | D:10     | Reached skill level 10 in Axes
  9302 | D:10     | Killed a tengu warrior
  9327 | D:10     | Noticed a two-headed ogre
  9338 | D:10     | Killed a two-headed ogre
  9339 | D:10     | Reached skill level 11 in Fighting
  9398 | D:10     | Reached XP level 12. HP: 66/100 MP: 12/12
  9398 | D:10     | Received a gift from Trog
  9861 | D:10     | Identified the +6 spear "Demonspawn's Doom" {flame, rN+
                  | Str+6}
 10034 | D:11     | Noticed a centaur warrior
 10037 | D:11     | Noticed a death yak
 10037 | D:11     | Noticed a death yak
 10038 | D:11     | Noticed a death yak
 10049 | D:11     | Killed a centaur warrior
 10052 | D:11     | Killed a death yak
 10059 | D:11     | Killed a death yak
 10060 | D:11     | Killed a death yak
 10104 | D:11     | Found a staircase to the Lair.
 10430 | D:11     | Reached skill level 10 in Shields
 10434 | D:11     | Reached skill level 12 in Fighting
 10548 | D:11     | Found Usofymed's Antique Armour Shop.
 10556 | D:11     | Bought a glowing helmet for 150 gold pieces
 10953 | D:11     | Noticed a five-headed hydra
 10960 | D:11     | Killed a one-headed hydra
 11296 | D:12     | Noticed a centaur warrior
 11307 | D:12     | Killed a centaur warrior
 11313 | D:12     | Acquired the +0 pair of fencer's gloves {Riposte Dex+3}
 11313 | D:12     | Found the +0 pair of fencer's gloves {Riposte Dex+3}
 11359 | D:12     | Gained mutation: Spells you cast may paralyse nearby
                  | enemies. [demonic ancestry]
 11359 | D:12     | Reached XP level 13. HP: 86/109 MP: 13/13
 11744 | D:13     | Noticed Lodul
 11761 | D:13     | Killed Lodul
 11899 | D:13     | Found a gate to the Vaults.
 12068 | D:13     | Reached skill level 13 in Fighting
 12466 | D:13     | Found a basalt altar of Yredelemnul.
 13776 | D:15     | Entered Level 15 of the Dungeon
 14033 | D:15     | Found a broken altar of Ashenzari.
 14088 | D:15     | Received a gift from Trog
 14096 | D:15     | Gained mutation: When seriously injured, your blood forms
                  | very thick armour. (AC +12) [demonic ancestry]
 14096 | D:15     | Reached XP level 14. HP: 55/119 MP: 14/14
 14322 | D:15     | Found a staircase to the Depths.
 14322 | D:15     | Noticed a stone giant
 14493 | D:15     | Killed a stone giant
 14699 | Lair:1   | Entered Level 1 of the Lair of Beasts
 15393 | Lair:2   | Reached skill level 14 in Fighting
 15867 | Lair:2   | Found a large runed translucent door.
 15867 | Lair:2   | Found a large runed translucent door.
 15868 | Lair:2   | Noticed Qyfeak's ghost (journeyman DjVM)
 15983 | Lair:2   | Killed Qyfeak's ghost
 16919 | Lair:3   | Found a runed translucent gate.
 16919 | Lair:3   | Found a runed translucent gate.
 16960 | Lair:3   | Found a runed translucent gate.
 16960 | Lair:3   | Noticed Leaxt's ghost (journeyman MiBe)
 16961 | Lair:3   | Noticed Zonian's ghost (journeyman VSIE)
 16975 | Lair:3   | Killed Leaxt's ghost
 16978 | Lair:3   | Killed Zonian's ghost
 16978 | Lair:3   | Received a gift from Trog
 16990 | Lair:3   | Identified the +6 broad axe of Radicalism {venom, rElec
                  | Will+}
 17592 | Lair:4   | Found a staircase to the Swamp.
 17851 | Lair:4   | Found a staircase to the Snake Pit.
 17958 | Swamp:1  | Entered Level 1 of the Swamp
 17967 | Swamp:1  | Reached ****** piety under Trog
 18437 | Swamp:1  | Reached XP level 15. HP: 123/127 MP: 15/15
 18735 | Swamp:2  | Reached skill level 15 in Fighting
 18745 | Swamp:2  | Reached skill level 10 in Armour
 19025 | Swamp:2  | Reached skill level 10 in Dodging
 19302 | Swamp:3  | Noticed a thorn hunter
 19308 | Swamp:3  | Killed a thorn hunter
 19415 | Swamp:3  | Received a gift from Trog
 19743 | Swamp:3  | Noticed a fenstrider witch
 19743 | Swamp:3  | Paralysed by a fenstrider witch for 3 turns
 19759 | Swamp:3  | Killed a fenstrider witch
 20283 | Swamp:3  | Lost mutation: You are clumsy. (Dex -2) [potion of
                  | mutation]
 20283 | Swamp:3  | Lost mutation: Your natural rate of healing is unusually
                  | fast. [potion of mutation]
 20283 | Swamp:3  | Gained mutation: A frigid envelope surrounds you and
                  | freezes all who hurt you. [potion of mutation]
 20283 | Swamp:3  | Gained mutation: You have an increased reservoir of magic.
                  | (+10% MP) [potion of mutation]
 20283 | Swamp:3  | Gained mutation: You have a pair of small antennae on your
                  | head. [potion of mutation]
 20284 | Swamp:3  | Lost mutation: A frigid envelope surrounds you and freezes
                  | all who hurt you. [potion of mutation]
 20284 | Swamp:3  | Lost mutation: You have an increased reservoir of magic.
                  | (+10% MP) [potion of mutation]
 20284 | Swamp:3  | Lost mutation: You have a pair of small antennae on your
                  | head. [potion of mutation]
 20284 | Swamp:3  | Gained mutation: You have a pair of small horns on your
                  | head. [potion of mutation]
 20284 | Swamp:3  | Gained mutation: You are agile. (Dex +4, Str/Int -1)
                  | [potion of mutation]
 20284 | Swamp:3  | Gained mutation: Armour fits poorly on your strangely
                  | shaped body. [potion of mutation]
 20284 | Swamp:3  | Gained mutation: You have an increased reservoir of magic.
                  | (+10% MP) [potion of mutation]
 20285 | Swamp:3  | Lost mutation: You are agile. (Dex +4, Str/Int -1) [potion
                  | of mutation]
 20285 | Swamp:3  | Lost mutation: You have an increased reservoir of magic.
                  | (+10% MP) [potion of mutation]
 20285 | Swamp:3  | Lost mutation: You have a pair of small horns on your head.
                  | [potion of mutation]
 20285 | Swamp:3  | Gained mutation: A frigid envelope surrounds you and
                  | freezes all who hurt you. [potion of mutation]
 20285 | Swamp:3  | Gained mutation: You possess an exceptional clarity of
                  | mind. [potion of mutation]
 20285 | Swamp:3  | Gained mutation: You have sharp toenails. [potion of
                  | mutation]
 20286 | Swamp:3  | Upgraded the game from 0.29-a0-700-g2f1814c7b2 to
                  | 0.29-a0-717-g6dac4ea423
 21108 | Swamp:4  | Entered Level 4 of the Swamp
 22620 | Swamp:4  | Noticed a fenstrider witch
 22630 | Swamp:4  | Killed a fenstrider witch
 22995 | Swamp:4  | Gained mutation: You occasionally shout uncontrollably at
                  | your foes. [a neqoxec]
 23001 | Swamp:4  | HP: 9/195 [spriggan air mage/the air (12)]
 23001 | Swamp:4  | Slain by a four-headed hydra

Illustrated notes

Levels and vault maps discovered:
D:1:      minmay_arrival_four_loops, layout_loops_ring,
          shapermc_ecumenical_altar_mp_highgroup, minmay_misc_feat_alley,
          minmay_pentomino_p2
D:2:      layout_basic, columned_hall_lemuel
D:3:      layout_loops_corners, serial_shops, shop
D:4:      layout_basic, minmay_manual_mullet, uniq_blork_the_orc
D:5:      layout_loops_ring
D:6:      layout_rooms, lemuel_coloured_pillars_altar, minmay_temple_entry_tees,
          chequers_mini_garden, kb_lookout_dungeons_type, corexii_hall_statues_t
D:7:      layout_gridville, mainiacjoe_overflow_paths,
          minmay_hollow_rounded_squares
D:8:      layout_rooms, serial_shops, shop
D:9:      minmay_evil_eye, layout_grid_maze, orc_david_3,
          ploomutoo_gammafunk_ghost_potion_laboratory, skrybe_limestone_x,
          minmay_misc_feat_secret_circle
D:10:     hangedman_cross_cluster, layout_irregular_city, dk_noncrumbling_4,
          uniq_harold, uniq_fannar
D:11:     layout_irregular_city, dpeg_lair_monsters, serial_shops, shop
D:12:     layout_cave_pools, serial_rivers, chequers_serial_rivers_micro_d,
          chequers_serial_rivers_room_a, chequers_serial_rivers_micro_d,
          chequers_serial_rivers_room_a, chequers_serial_rivers_micro_d
D:13:     layout_loops_ring, david_vaults_2, special_room [special_room_orc],
          yredelemnul_altar_generic, uniq_lodul
D:14:     layout_gridville
D:15:     grunt_enter_depths_snipers, layout_cave_pools, nicolae_benzene_ring,
          ashenzari_conservatory_becter
Lair:1:   layout_gridlike
Lair:2:   nzn_winding_woodlands_three_and_one
          [nzn_winding_woodlands_5x15_zeroes,
          nzn_winding_woodlands_5x15_default, nzn_winding_woodlands_5x15_garden,
          nzn_winding_woodlands_center_lodge], layout_gridlike,
          ebering_ghost_disaster_area, lemuel_fruit_fields
Lair:3:   layout_chaotic_city, gammafunk_ghost_cemetery
Lair:4:   layout_misc_corridors, swamp_mist_pool, guppyfry_snake_entry_island
Swamp:1:  layout_basic_swamp, nicolae_swamp_tree_designs
Swamp:2:  nicolae_swamp_decorative_isthmus, layout_falls_marsh,
          nicolae_swamp_stair_fork, swamp_pool1
Swamp:3:  layout_basic_swamp, nicolae_swamp_feature_on_the_river_bank,
          swamp_pool1, nicolae_swamp_well_well_well
Swamp:4:  nzn_swamp_witches_coven, layout_basic_swamp, swamp_pool4,
          nicolae_swamp_some_circles

Skill      XL: |  1  2  3  4  5  6  7  8  9 10 11 12 13 14 15 |
---------------+----------------------------------------------+-----
Armour         | 2 3 4 5 6 7 8 9 10 | 10.6
Axes           | 3 4 5 6 7 9 10 11 12 13 14 | 14.5
Dodging        | 2 3 4 5 6 7 8 9 10 | 10.6
Fighting       | 4 5 6 7 8 9 11 12 13 14 15 | 15.7
Shields        | 1 2 4 6 7 9 10 11 12 | 12.9

Action                   |  1- 3 |  4- 6 |  7- 9 | 10-12 | 13-15 || total
-------------------------+-------+-------+-------+-------+-------++-------
Melee: Hand axe          |    81 |   101 |   222 |   428 |   616 ||  1448
       Punch             |       |     2 |     3 |     1 |       ||     6
       Broad axe         |       |       |       |       |   442 ||   442
Throw: Boomerang         |       |       |       |       |     1 ||     1
Invok: Berserk           |       |     4 |     2 |     7 |    14 ||    27
       Trog's Hand       |       |     1 |       |     4 |     8 ||    13
       Brothers in Arms  |       |       |       |     1 |       ||     1
Evoke: Wand              |       |       |       |       |     2 ||     2
  Use: Scroll            |     8 |     1 |    15 |     5 |     7 ||    36
       Potion            |     2 |     1 |       |     6 |    10 ||    19
 Stab: Sleeping          |     1 |     1 |       |       |       ||     2
       Distracted        |       |       |       |       |     3 ||     3
       Confused          |       |       |       |       |     3 ||     3
Armor: Animal skin       |     9 |       |       |       |       ||     9
       Leather armour    |     2 |    22 |    12 |       |       ||    36
       Chain mail        |       |       |    71 |    18 |       ||    89
       Plate armour      |       |       |       |   180 |   327 ||   507
Dodge: Dodged            |    44 |    41 |    60 |    98 |   179 ||   422
Block: Other             |       |    13 |    42 |     5 |       ||    60
       Reflection        |       |       |     5 |    22 |    16 ||    43
       Buckler           |       |       |       |   236 |     7 ||   243
       Kite shield       |       |       |       |       |   758 ||   758
       Rpst.: Hand axe   |       |       |       |       |   152 ||   152
       Broad axe         |       |       |       |       |   150 ||   150

Table legend: (Time is in decaauts)
 A = Elapsed time spent in this place.
 B = Non-inter-level travel time spent in this place.
 C = Inter-level travel time spent in this place.
 D = Time resting spent in this place.
 E = Time spent auto-exploring this place.
 F = Levels seen in this place.
 G = Mean time per level.
                   A        B        C        D        E       F      G
               +--------+--------+--------+--------+--------+-----+--------+
         Total |  23439 |  22620 |    819 |   2844 |  14788 |  23 | 1019.1 |
       Dungeon |  14734 |  14369 |    365 |    732 |  10544 |  15 |  982.3 |
          Lair |   3295 |   3189 |    106 |    250 |   2073 |   4 |  823.8 |
         Swamp |   5410 |   5063 |    347 |   1862 |   2171 |   4 | 1352.5 |
               +--------+--------+--------+--------+--------+-----+--------+

Top non-repeatable levels by time:
 Swamp:3: 2073 daAuts
 Swamp:4: 1521 daAuts
     D:2: 1348 daAuts
     D:1: 1314 daAuts
    D:10: 1306 daAuts
     D:9: 1292 daAuts
  Lair:2: 1235 daAuts
     D:3: 1187 daAuts
    D:14: 1079 daAuts
    D:11: 1023 daAuts
  Lair:3: 1002 daAuts
    D:13: 980 daAuts
 Swamp:2: 928 daAuts
     D:7: 919 daAuts
     D:4: 894 daAuts
